 Dungeon Crawl Stone Soup version 0.28-a0-862-g58c29a6370 (webtiles) character file.

Game seed: 4867878273571688003

22983 AvatarAndi78 the Basher (level 12, -3/108 HPs)
             Began as a Minotaur Berserker on Nov 16, 2021.
             Was an Elder of Trog.
             Killed from afar by a rime drake (10 damage)
             ... with a flash freeze
             ... on level 1 of the Lair of Beasts.
             The game lasted 00:48:45 (16016 turns).

AvatarAndi78 the Basher (Minotaur Berserker)       Turns: 16016, Time: 00:48:45

Health: -3/108     AC: 31    Str: 32    XL:     12   Next: 67%
Magic:  11/11      EV:  7    Int:  5    God:    Trog [****..]
Gold:   658        SH: 18    Dex: 21    Spells: 11/11 levels left

rFire   x . .      SeeInvis +   I - +6 trident of Abuse {flame, rF- Str+4 SInv Stlth+}
rCold   . . .      Faith    .   M - +1 kite shield
rNeg    + . .      Spirit   .   S - +1 crystal plate armour
rPois   +          Reflect  +   (helmet restricted)
rElec   .          Harm     .   z - +2 ratskin cloak {*Rats rPois rN+ Str-1 Int-1 Dex+1}
rCorr   .          Rampage  .   O - +2 pair of gloves
Will    .....      Clarity  +   A - +0 pair of boots
Stlth   ..........              j - amulet of reflection
HPRegen 0.28/turn               e - +6 ring of strength
MPRegen 0.12/turn               g - +6 ring of dexterity

@: on berserk cooldown, hasted and slowed
A: horns 2, retaliatory headbutt, clarity, clever 1
a: Renounce Religion, Berserk, Trog's Hand, Brothers in Arms


You were on level 1 of the Lair of Beasts.
You worshipped Trog.
Trog was greatly pleased with you.
You visited 2 branches of the dungeon, and saw 13 of its levels.
You visited the Abyss 1 time.
You also visited: Ossuary.

You collected 763 gold pieces.
You spent 105 gold pieces at shops.

Inventory:

Hand Weapons
 d - a +2 morningstar
 x - a +2 war axe of flaming
 H - a +9 great sword of freezing
 I - the +6 trident of Abuse (weapon) {flame, rF- Str+4 SInv Stlth+}
   (You found it on level 1 of the Lair of Beasts)

   It burns those it strikes, dealing additional fire damage.
   Str:       It affects your strength (+4).
   rF:        It makes you vulnerable to fire.
   SInv:      It lets you see invisible.
   Stlth:     It makes you more stealthy.
Armour
 y - +0 swamp dragon scales
 z - the +2 ratskin cloak (worn) {*Rats rPois rN+ Str-1 Int-1 Dex+1}
   (You found it on level 9 of the Dungeon)

   When the wearer is hurt, rats may emerge from it to assist them.
   Str:       It affects your strength (-1).
   Int:       It affects your intelligence (-1).
   Dex:       It affects your dexterity (+1).
   rPois:     It protects you from poison.
   rN:        It protects you from negative energy.
 A - a +0 pair of boots (worn)
 M - a +1 kite shield (worn)
 O - a +2 pair of gloves (worn)
 S - a +1 crystal plate armour (worn)
 T - +0 fire dragon scales
Jewellery
 e - a +6 ring of strength (left hand)
 g - a +6 ring of dexterity (right hand)
 j - an amulet of reflection (around neck)
 l - a ring of positive energy
 p - an amulet of the acrobat
 E - a ring of resist corrosion
 F - a ring of flight
 L - the amulet of Kutt {Will- Regen+ Str+2 SInv Stlth+}
   (You took it off a gnoll on level 7 of the Dungeon)

   [amulet of regeneration]

   Str:       It affects your strength (+2).
   SInv:      It lets you see invisible.
   Regen:     It increases your rate of health regeneration.
   Will:      It decreases your willpower.
   Stlth:     It makes you more stealthy.
 P - a ring of protection from fire
 Q - a ring of protection from fire
Wands
 a - a wand of mindburst (7)
 n - a wand of acid (8)
 v - a wand of flame (23)
 w - a wand of iceblast (11)
 C - a wand of paralysis (4)
 D - a wand of digging (3)
 J - a wand of charming (6)
 K - a wand of polymorph (19)
Scrolls
 h - 2 scrolls of enchant weapon
 i - a scroll of fog
 m - a scroll of holy word
 o - 10 scrolls of teleportation
 q - 3 scrolls of enchant armour
 r - 2 scrolls of immolation
 s - a scroll of fear
 t - 9 scrolls of identify
 u - a scroll of magic mapping
Potions
 b - a potion of magic
 c - 2 potions of haste
 f - 10 potions of curing
 k - a potion of might
 B - a potion of ambrosia
 G - 8 potions of flight


   Skills:
 + Level 10.6 Fighting
 + Level 10.3 Long Blades
 + Level 10.1(12.7) Axes
 + Level 12.2(13.7) Maces & Flails
 + Level 1.3(6.4) Polearms
 + Level 12.2 Armour
 + Level 4.0 Dodging
 + Level 1.6 Stealth
 + Level 7.4 Shields
 + Level 0.1 Evocations


You had 11 spell levels left.
You didn't know any spells.
Your spell library was empty.

Dungeon Overview and Level Annotations

Branches:
Dungeon (12/15)            Temple (0/1) D:7            Lair (1/6) D:8
    Orc (0/2) D:11        Ossuary (visited)

Altars:
Ashenzari
Dithmenos
Elyvilon
Gozag
Hepliaklqana
Makhleb
Nemelex Xobeh
Ru
Trog
Vehumet
Xom
Zin
The Shining One

Shops:
D:4 *   D:6 (


Innate Abilities, Weirdness & Mutations

You have a pair of horns on your head.
You reflexively headbutt those who attack you in melee.
You possess an exceptional clarity of mind.
Your mind is acute. (Int +2)


Message History

Trog accepts your kill.
Your river rat bites the seven-headed hydra simulacrum!
The seven-headed hydra simulacrum bites you but does no damage.
You block the seven-headed hydra simulacrum's attack.
The seven-headed hydra simulacrum bites you but does no damage.
The seven-headed hydra simulacrum barely misses you. x2
You block the seven-headed hydra simulacrum's attack.
The seven-headed hydra simulacrum bites you but does no damage.
You swap places.
Your hell rat bites the seven-headed hydra simulacrum!
Your river rat bites the seven-headed hydra simulacrum!
The yak simulacrum gores your river rat!
The yak simulacrum freezes your river rat!
Your river rat dies!
You feel a strong urge to attack something.
Your skin stops crawling.
You feel less strong-willed.
Your hell rat bites the seven-headed hydra simulacrum.
You are no longer berserk.
You are exhausted.
You feel yourself slow down.
Okay, then.
You feel yourself speed up.
Your hell rat bites the seven-headed hydra simulacrum!
The seven-headed hydra simulacrum vaporises!
Trog accepts your kill.
Your hell rat bites the rime drake.
Your hell rat closely misses the rime drake.
Something hits your hell rat but does no damage.
The rime drake breathes ice at you.
The flash freeze hits you but does no damage.
You are encased in ice.
Your hell rat bites the rime drake!
Something hits your hell rat but does no damage.
Your hell rat bites the rime drake!
Your hell rat barely misses the cane toad simulacrum.
Your hell rat bites the cane toad simulacrum.
The ice encasing you melts away. The rime drake breathes ice at you.
The flash freeze hits you!
You die...

.................................
..###''k###r..........)..........
.##.......##...........>........#
##.........#Z..................##
#..........##k.................#
#....####...#........#..:....###
...###"[##..##......###.....##
..##.)... #..#.....#####...##
..#...=Z. #..#..@.#..###P.#.####
W$#..... #..#.................##
..D....###..##..................#
kZk.ZZ.....#....................
##..####...##....................
.####..#####....................#
....................#..........##
##.###P##.####.....###........###
### ###...##......###..........#


You could see a rime drake (catching breath), a cane toad simulacrum (ally
target) and a friendly hell rat.

Vanquished Creatures
  A fire dragon (Lair:1)
  An ice dragon (Lair:1)
  Erolcha (D:9)
  The ghost of abdbla the Fighter, a journeyman GrFi of Qazlal (Lair:1)
  A boulder beetle (D:11)
  2 two-headed ogres
  A deep elf pyromancer (D:7)
  An ugly thing (D:12)
  2 manticores
  Maurice (D:9)
  4 centaur zombies (D:11)
  Maggie (D:7)
  A cane toad (Lair:1)
  A rime drake (Lair:1)
  2 unseen horrors (D:12)
  The ghost of Veteran the Thaumaturge, a novice DECj (D:5)
  3 trolls
  Prince Ribbit (D:9)
  A hornet (D:10)
  3 blink frogs (Lair:1)
  5 slime creatures (D:12)
  4 water elementals (D:12)
  3 wraiths
  A wyvern (D:10)
  23 yaks
  2 basilisks
  Menkaure (Ossuary)
  3 wargs (D:8)
  4 water moccasins
  3 orc warriors
  3 sky beasts
  An ogre (D:5)
  2 wolves (Lair:1)
  8 centaurs
  2 kobold brigands
  2 bullfrogs
  3 gnoll sergeants (D:7)
  2 scorpions
  2 elf skeletons (D:6)
  A water moccasin zombie (D:5)
  A wyvern skeleton (D:7)
  An elephant simulacrum (Lair:1)
  A water moccasin skeleton (D:4)
  4 killer bees (D:10)
  6 electric eels (D:12)
  9 howler monkeys
  7 wights
  A gnoll shaman (D:7)
  4 hounds
  2 human zombies (D:6)
  2 jellies
  10 orc priests
  A bullfrog skeleton (D:5)
  A human skeleton (D:6)
  8 iguanas
  10 orc wizards
  A yak simulacrum (Lair:1)
  A bullfrog simulacrum (Lair:1)
  3 mummies (Ossuary)
  2 howler monkey zombies
  7 gnolls
  3 howler monkey skeletons
  7 adders
  2 shadow imps
  A white imp (D:3)
  2 ufetubi (D:5)
  An adder skeleton (D:4)
  A worm (D:3)
  3 dart slugs
  26 orcs
  11 endoplasms
  A giant cockroach (D:1)
  7 goblins
  4 hobgoblins
  3 jackals (D:2)
  3 quokkas
  8 ball pythons
  A bat (D:2)
  A frilled lizard (D:3)
  4 gnoll skeletons (Ossuary)
  4 gnoll zombies (Ossuary)
  9 goblin skeletons (Ossuary)
  5 goblin zombies (Ossuary)
  4 hobgoblin skeletons (Ossuary)
  4 hobgoblin zombies (Ossuary)
  15 kobolds
  2 kobold skeletons (Ossuary)
  6 kobold zombies (Ossuary)
  6 orc skeletons
  4 orc zombies (Ossuary)
  8 rats
  A rat skeleton (Ossuary)
  2 rat zombies (Ossuary)
346 creatures vanquished.

Vanquished Creatures (collateral kills)
  A centaur zombie (D:11)
  The ghost of Htamos the Covert, a novice FeCj of Sif Muna (D:7)
  A rime drake (Lair:1)
  A hydra simulacrum (Lair:1)
  A centaur (D:11)
  A gnoll sergeant (D:7)
  A gnoll (D:7)
7 creatures vanquished.

Vanquished Creatures (others)
  An orc wizard (D:11)
  8 plants
9 creatures vanquished.

Grand Total: 362 creatures vanquished

Notes
Turn   | Place    | Note
-------+----------+-------------------------------------------
     0 | D:1      | AvatarAndi78 the Minotaur Berserker began the quest for the
                  | Orb.
     0 | D:1      | Reached XP level 1. HP: 19/19 MP: 0/0
   137 | D:1      | Found a faded altar of an unknown god.
   620 | D:1      | Reached XP level 2. HP: 27/27 MP: 1/1
  1191 | D:2      | Reached XP level 3. HP: 33/33 MP: 2/2
  1195 | D:2      | Reached ** piety under Trog
  1427 | D:2      | Reached skill level 1 in Maces & Flails
  1523 | D:2      | Reached XP level 4. HP: 41/41 MP: 3/3
  1725 | D:2      | Found a glowing golden altar of the Shining One.
  2258 | D:3      | Reached XP level 5. HP: 47/47 MP: 4/4
  2564 | D:4      | Reached skill level 5 in Fighting
  2564 | D:4      | Reached XP level 6. HP: 37/56 MP: 5/5
  2830 | D:4      | Found Isene's Assorted Antiques.
  2846 | D:4      | Bought a dented pearl amulet for 105 gold pieces
  2941 | D:4      | Found a sacrificial altar of Ru.
  3035 | D:4      | Found a radiant altar of Vehumet.
  3221 | D:4      | Reached *** piety under Trog
  3377 | D:5      | Entered Level 5 of the Dungeon
  3572 | D:5      | Found a hazy altar of Hepliaklqana.
  3625 | D:5      | Found a shadowy altar of Dithmenos.
  3674 | D:5      | Reached skill level 5 in Maces & Flails
  3731 | D:5      | Noticed a sky beast
  3740 | D:5      | Killed a sky beast
  3741 | D:5      | Reached XP level 7. HP: 61/61 MP: 6/6
  3862 | D:5      | Found a sparkling altar of Nemelex Xobeh.
  3868 | D:5      | Reached skill level 5 in Armour
  4155 | D:5      | Reached skill level 1 in Shields
  4325 | D:5      | Found a runed translucent door.
  4327 | D:5      | Noticed Veteran's ghost (novice DECj)
  4527 | D:5      | Gained mutation: You possess an exceptional clarity of
                  | mind. [potion of mutation]
  4527 | D:5      | Gained mutation: Your mind is acute. (Int +2) [potion of
                  | mutation]
  4547 | D:5      | Killed Veteran's ghost
  4548 | D:5      | Reached XP level 8. HP: 57/70 MP: 7/7
  4693 | D:6      | Found Enuloning's Firing Range.
  4805 | D:6      | Found a sand-covered staircase.
  4817 | Ossuary  | Entered an ossuary
  5074 | Ossuary  | Reached **** piety under Trog
  5133 | Ossuary  | Noticed Menkaure
  5136 | Ossuary  | Killed Menkaure
  5643 | D:6      | Found a burning altar of Makhleb.
  5800 | D:7      | Reached skill level 10 in Maces & Flails
  5919 | D:7      | Reached XP level 9. HP: 68/78 MP: 8/8
  6098 | D:7      | You fall into a shaft and drop 1 floor!
  6136 | D:7      | Noticed Maggie
  6147 | D:7      | Killed Maggie
  6156 | D:7      | Found a transporter.
  6161 | D:7      | Found a transporter.
  6239 | D:7      | Found a staircase to the Ecumenical Temple.
  6434 | D:7      | Noticed a deep elf pyromancer
  6459 | D:7      | Killed a deep elf pyromancer
  6460 | D:7      | Reached skill level 5 in Axes
  6572 | D:7      | Identified the amulet of Kutt {Will- Regen+ Str+2 SInv
                  | Stlth+}
  6685 | D:7      | Noticed Htamos's ghost (novice FeCj)
  6882 | D:8      | Found a staircase to the Lair.
  6904 | D:8      | Reached skill level 1 in Stealth
  6904 | D:8      | Reached XP level 10. HP: 66/88 MP: 9/9
  7564 | D:8      | Found an opulent altar of Gozag.
  7872 | D:9      | Noticed Maurice
  8677 | D:9      | Found the +2 ratskin cloak {*Rats rPois rN+ Str-1 Int-1
                  | Dex+1}
  8703 | D:9      | Noticed a two-headed ogre
  8713 | D:9      | Killed a two-headed ogre
  8775 | D:9      | Found a broken altar of Ashenzari.
  8882 | D:9      | Noticed Erolcha
  8903 | D:9      | Cast into level 2 of the Abyss (Erolcha)
  8904 | Abyss:2  | Found a corrupted altar of Lugonu.
  8910 | D:9      | Escaped the Abyss
  8914 | D:9      | Killed Erolcha
  8915 | D:9      | Reached skill level 5 in Shields
  9078 | D:9      | Killed Maurice
  9079 | D:9      | Reached XP level 11. HP: 84/95 MP: 10/10
  9314 | D:9      | Found a bloodstained altar of Trog.
  9440 | D:9      | Noticed Prince Ribbit
  9457 | D:9      | Killed Prince Ribbit
  9608 | D:10     | Entered Level 10 of the Dungeon
  9638 | D:10     | Found a shimmering altar of Xom.
  9970 | D:10     | Found a glowing golden altar of the Shining One.
  9972 | D:10     | Found a glowing silver altar of Zin.
  9974 | D:10     | Found a white marble altar of Elyvilon.
 10014 | D:10     | Reached skill level 10 in Axes
 10717 | Lair:1   | Entered Level 1 of the Lair of Beasts
 10721 | Lair:1   | Reached skill level 1 in Long Blades
 10804 | Lair:1   | Noticed an ice dragon
 10824 | Lair:1   | Found a runed translucent gate.
 10824 | Lair:1   | Found a runed translucent gate.
 10824 | Lair:1   | Found a runed translucent gate.
 10837 | Lair:1   | Noticed abdbla's ghost (journeyman GrFi)
 10873 | Lair:1   | Reached skill level 10 in Armour
 11130 | Lair:1   | Noticed a fire dragon
 11132 | Lair:1   | Identified the +6 trident of Abuse {flame, rF- Str+4 SInv
                  | Stlth+}
 11381 | D:7      | Killed Htamos's ghost
 11893 | D:11     | Reached skill level 5 in Long Blades
 12026 | D:11     | Found a staircase to the Orcish Mines.
 12215 | D:11     | Noticed a boulder beetle
 12228 | D:11     | Killed a boulder beetle
 12515 | D:12     | Noticed a red ugly thing
 12524 | D:12     | Killed a red ugly thing
 12603 | D:12     | Reached XP level 12. HP: 53/106 MP: 11/11
 12823 | D:12     | Reached skill level 10 in Fighting
 13859 | D:12     | Noticed a two-headed ogre
 13871 | D:12     | Killed a two-headed ogre
 15271 | Lair:1   | Killed a fire dragon
 15272 | Lair:1   | Reached skill level 10 in Long Blades
 15991 | Lair:1   | Killed an ice dragon
 16005 | Lair:1   | Killed abdbla's ghost
 16005 | Lair:1   | HP: 4/162 [seven-headed hydra simulacrum (26)]
 16006 | Lair:1   | Reached skill level 1 in Polearms
 16016 | Lair:1   | Killed from afar by a rime drake

Illustrated notes

Levels and vault maps discovered:
D:1:      eino_arrival_water_cross, layout_loops_corners,
          ebering_ecumenical_altar_rust
D:2:      layout_loops_corners, basic_altar
D:3:      layout_basic
D:4:      layout_cave_pools, marbit_many_paths, nicolae_ru_sacrificial_ziggurat,
          serial_glass, glass_columns_a, glass_columns_b, glass_columns_b,
          glass_columns_b, glass_columns_a, glass_columns_b,
          minmay_strange_pillars, serial_shops, nicolae_shop_overgrown_old_shop
D:5:      layout_loops_corners, nemelex_dance_club_becter,
          nicolae_dithmenos_the_darkroom, nzn_hepliaklqana_mist_gate,
          ebering_ghost_sewer_d, nrook_loot_triangle, kennysheep_generic_room_15
D:6:      layout_basic, mainiacjoe_overflow_surrounded_room,
          nicolae_ossuary_entry_catacombs, nicolae_shop_firing_range
D:7:      minmay_chambers_of_fours, layout_cave_pools,
          minmay_temple_entry_sparse_star, gammafunk_ghost_gnarly_gnolls,
          kennysheep_decorative_pillar, eino_small_chamber_without_monster,
          minmay_misc_feat_roman, uniq_maggie
D:8:      layout_loops_ring, nicolae_gozag_cash_rules_everything_around_me,
          erik_lair_orcish_takeover
D:9:      layout_loops_ring, kennysheep_mini_moat, lemuel_doored_altar,
          uniq_maurice, uniq_erolcha, uniq_prince_ribbit1
D:10:     layout_loops_ring, good_gods_mini_temple, lemuel_tele_altar
D:11:     layout_irregular_city, orc_0_dummy
D:12:     layout_basic, fungi_pond_lemuel, minivault_26, minmay_rotating_lava
Lair:1:   dragon1_lemuel, layout_gridlike, gammafunk_ghost_icy,
          beast_lair_carwin_5

Skill      XL: |  1  2  3  4  5  6  7  8  9 10 11 12 |
---------------+-------------------------------------+-----
Fighting       | 4 5 6 7 8 9 10 | 10.6
Axes           | 4 5 9 10 | 10.1
Armour         | 3 4 5 6 9 10 12 | 12.2
Maces & Flails | 1 3 5 7 10 12 | 12.2
Dodging        | 3 4 |  4.0
Shields        | 1 2 3 5 6 7 |  7.4
Stealth        | 1 |  1.6
Long Blades    | 7 10 | 10.3
Polearms       | 1 |  1.3
Evocations     | |  0.1

Action                   |  1- 3 |  4- 6 |  7- 9 | 10-12 || total
-------------------------+-------+-------+-------+-------++-------
Melee: Hand axe          |    15 |       |       |       ||    15
       Headbutt          |    23 |    16 |    71 |   121 ||   231
       Morningstar       |    55 |   103 |   193 |       ||   351
       War axe           |       |       |    34 |   135 ||   169
       Great sword       |       |       |       |   214 ||   214
       Trident           |       |       |       |    27 ||    27
Invok: Trog's Hand       |     1 |       |     4 |    13 ||    18
       Berserk           |       |       |     2 |     3 ||     5
       Brothers in Arms  |       |       |       |     2 ||     2
Evoke: Wand              |       |       |       |     2 ||     2
  Use: Potion            |       |     4 |     5 |     4 ||    13
       Scroll            |       |     3 |    12 |     6 ||    21
 Stab: Distracted        |       |       |       |     1 ||     1
Armor: Chain mail        |    42 |    60 |    20 |       ||   122
       Plate armour      |       |       |    70 |   317 ||   387
       Crystal plate arm |       |       |       |    42 ||    42
Dodge: Dodged            |    32 |    43 |    51 |   191 ||   317
Block: Other             |       |    10 |    26 |    76 ||   112
       Reflection        |       |     1 |     3 |    12 ||    16
       Kite shield       |       |       |    24 |   145 ||   169

Table legend: (Time is in decaauts)
 A = Elapsed time spent in this place.
 B = Non-inter-level travel time spent in this place.
 C = Inter-level travel time spent in this place.
 D = Time resting spent in this place.
 E = Time spent auto-exploring this place.
 F = Levels seen in this place.
 G = Mean time per level.
                   A        B        C        D        E       F      G
               +--------+--------+--------+--------+--------+-----+--------+
         Total |  16236 |  14696 |   1540 |      0 |  11940 |  15 | 1082.4 |
       Dungeon |  14438 |  12934 |   1504 |      0 |  10669 |  12 | 1203.2 |
          Lair |   1400 |   1365 |     35 |      0 |   1084 |   1 | 1400.0 |
         Abyss |      6 |      6 |      0 |      0 |      0 |   1 |    6.0 |
       Ossuary |    390 |    390 |      0 |      0 |    187 |   1 |  390.0 |
               +--------+--------+--------+--------+--------+-----+--------+

Top non-repeatable levels by time:
    D:12: 2046 daAuts
     D:8: 1761 daAuts
     D:7: 1583 daAuts
     D:5: 1404 daAuts
  Lair:1: 1400 daAuts
    D:10: 1175 daAuts
     D:6: 1170 daAuts
     D:2: 1073 daAuts
     D:9: 1050 daAuts
     D:4: 977 daAuts
     D:1: 964 daAuts
    D:11: 838 daAuts
     D:3: 392 daAuts
 Ossuary: 390 daAuts
 Abyss:2: 6 daAuts
